Map: Chantier naval orbital

Players

Sodapopinsky - Winner!

  • Race: Zerg Zerg

AgCl

  • Race: Protoss Protoss

VOD

Have the link to the VOD?

Description

Time

  • Played on: May 6, 2015, 5:50 p.m.
  • Length: 11:45
Show
View Real Time Build Order
Export as new Build Order

Sodapopinsky Zerg - Winner!

Build Orders: Hatch First, Lurkers 

Get SALT Encoding   

  12  0:01  Drone  
  13  0:12  Overlord  
  13  0:17  Drone  
  14  0:30  Drone  
  14  0:31  Drone  
  14  0:35  Drone  
  17  0:53  Hatchery  
  16  1:07  Spawning Pool  
  16  1:08  Drone  
  16  1:11  Drone  
  16  1:17  Drone  
  18  1:22  Overlord  
  18  1:30  Drone  
  19  1:41  Drone  
  20  1:52  Drone, Extractor  
  20  1:53  Queen  
  22  2:02  Drone  
  22  2:07  Queen  
  25  2:08  Drone  
  25  2:15  Drone  
  25  2:17  Drone  
  27  2:29  Drone  
  28  2:31  Drone  
  28  2:35  Hatchery  
  28  2:39  Queen  
  28  2:42  Zergling x2  
  31  2:47  Overlord  
  31  3:00  Drone x2  
  31  3:01  Drone x2  
  35  3:08  Drone x2  
  35  3:09  Drone x2  
  35  3:12  Extractor  
  38  3:13  Overlord  
  38  3:22  Metabolic Boost  
  38  3:24  Drone x2  
  38  3:26  Drone x2  
  42  3:36  Zergling x4  
  44  3:51  Queen  
  46  4:00  Drone x6  
  46  4:01  Drone  
  53  4:02  Lair  
  53  4:03  Drone x2  
  53  4:04  Drone x2  
  57  4:10  Evolution Chamber  
  57  4:12  Evolution Chamber  
  57  4:15  Zergling x6  
  57  4:16  Overlord  
  58  4:23  Zergling x2  
  57  4:24  Overlord  
  56  4:43  Zergling x12  
  56  4:44  Zergling x8  
  64  4:52  Zergling x2  
  64  4:53  Zergling x4  
  64  5:04  Queen  
  63  5:07  Zergling x6  
  63  5:08  Zergling x2  
  63  5:09  Zergling x2  
  65  5:14  Zergling x4  
  65  5:15  Zergling x6  
  68  5:26  Queen  
  68  5:27  Extractor  
  68  5:28  Extractor  
  66  5:30  Hydralisk Den  
  66  5:32  Drone  
  65  5:41  Spore Crawler  
  65  5:42  Spore Crawler  
  64  5:50  Drone x2, Spine Crawler, Spore Crawler  
  64  5:54  Overseer  
  64  5:56  Zergling x8  
  64  5:57  Zergling x6  
  66  5:59  Overseer  
  67  6:22  Hydralisk  
  67  6:24  Overlord x2  
  68  6:32  Zerg Melee Weapons Level 1  
  66  6:33  Zerg Ground Armor Level 1  
  66  6:39  Drone x2  
  68  6:40  Hatchery  
  68  6:42  Overlord x2  
  67  6:49  Hydralisk x5  
  77  7:04  Drone x2  
  77  7:05  Pneumatized Carapace  
  77  7:06  Drone  
  77  7:07  Overlord  
  80  7:24  Overlord x2  
  80  7:30  Hydralisk x5  
  80  7:32  Overlord  
  90  7:54  Hydralisk x4  
  90  7:55  Hydralisk  
  90  7:56  Hydralisk  
  96  8:01  Drone x5  
  96  8:04  Hatchery  
  96  8:05  Drone, Queen  
  95  8:11  Hydralisk  
  93  8:16  Muscular Augments  
  93  8:21  Hydralisk  
  93  8:25  Drone x4  
  99  8:28  Extractor  
  99  8:29  Extractor  
  97  8:40  Drone x2  
  97  8:41  Drone  
  100  8:57  Drone x11  
  111  9:19  Queen  
  111  9:22  Zerg Missile Weapons Level 1, Zerg Ground Armor Level 2, Lurker Den  
  114  9:24  Zergling x28  
  114  9:25  Zergling x6  
  114  9:29  Overseer  
  130  10:05  Hydralisk x4  
  130  10:06  Hydralisk x3  
  144  10:07  Overlord x2  
  144  10:13  Extractor  
  143  10:18  Extractor  
  142  10:32  Zergling x28  
  142  10:33  Zergling x6  
  142  10:35  Overlord x3  
  159  10:36  Overlord  
  159  10:43  Spore Crawler  
  159  10:44  Spore Crawler  
  159  10:45  Spine Crawler  
  159  10:48  Hydralisk x2  
  159  10:49  Hydralisk  
  160  11:04  Lurker x5  
  160  11:05  Lurker x7  
  160  11:06  Lurker  
  172  11:20  Spire  
  172  11:24  Drone x4  
  172  11:25  Drone x7  
  181  11:26  Drone x2  
Show
View Real Time Build Order
Export as new Build Order

AgCl Protoss 

Build Orders: Zealot Archon 

Get SALT Encoding   

  12  0:02  Probe  
  13  0:14  Probe  
  14  0:21  Pylon  
  14  0:24  Assimilator  
  14  0:39  Probe  
  15  0:47  Gateway  
  15  0:49  Pylon  
  15  0:51  Probe  
  16  1:03  Probe  
  17  1:15  Probe  
  18  1:28  Probe  
  19  1:35  Cybernetics Core  
  19  1:40  Probe  
  19  1:42  Assimilator  
  20  1:53  Probe (Chrono Boost)  
  21  2:04  Probe (Chrono Boost)  
  22  2:10  Probe (Chrono Boost)  
  22  2:11  Warp Gate (Chrono Boost)  
  23  2:21  Gateway  
  23  2:22  Probe (Chrono Boost), Adept  
  26  2:34  Mothership Core (Chrono Boost)  
  26  2:35  Pylon  
  28  2:55  Twilight Council, Probe  
  29  3:02  Stalker  
  31  3:07  Probe  
  32  3:15  Gateway  
  32  3:19  Pylon  
  32  3:25  Probe  
  33  3:37  Probe  
  34  3:52  Gateway  
  34  3:53  Probe, Pylon  
  33  4:01  Pylon  
  33  4:05  Probe  
  33  4:07  Dark Shrine  
  33  4:08  Pylon  
  34  4:16  Stalker, Adept  
  38  4:17  Adept  
  40  4:35  Stalker x2  
  42  4:46  Zealot  
  44  4:59  Stalker  
  44  5:00  Stalker  
  46  5:08  Adept  
  34  5:23  Dark Templar x2  
  38  5:36  Nexus  
  38  5:37  Pylon  
  38  5:40  Assimilator  
  38  5:44  Assimilator  
  38  5:47  Adept  
  38  5:48  Pylon  
  40  5:50  Dark Templar  
  42  6:12  Zealot x2  
  46  6:26  Gateway  
  46  6:34  Nexus  
  46  6:40  Forge  
  46  6:43  Probe  
  46  6:44  Adept x2  
  51  6:48  Archon  
  51  6:50  Dark Templar  
  54  7:05  Archon  
  53  7:15  Nexus  
  53  7:17  Probe (Chrono Boost)  
  54  7:29  Probe (Chrono Boost)  
  55  7:31  Protoss Ground Weapons Level 1 (Chrono Boost)  
  56  7:41  Pylon  
  56  7:44  Probe  
  40  7:56  Adept  
  34  8:18  Pylon  
  35  8:24  Probe (Chrono Boost)  
  36  8:28  Probe (Chrono Boost)  
  36  8:45  Probe (Chrono Boost)  
  37  8:59  Probe (Chrono Boost)  
  40  9:10  Probe x2 (Chrono Boost)  
  41  9:19  Probe (Chrono Boost)  
  41  9:20  Probe (Chrono Boost), Shield Upgrade  
  43  9:28  Probe (Chrono Boost)  
  45  9:32  Probe (Chrono Boost)  
  45  9:34  Probe (Chrono Boost)  
  45  9:40  Pylon  
  47  9:45  Probe (Chrono Boost)  
  47  9:48  Probe x2 (Chrono Boost)  
  49  9:54  Probe (Chrono Boost)  
  49  9:57  Probe (Chrono Boost)  
  49  9:58  Probe (Chrono Boost)  
  51  10:03  Probe (Chrono Boost)  
  51  10:05  Probe (Chrono Boost)  
  51  10:06  Probe (Chrono Boost)  
  54  10:11  Probe (Chrono Boost)  
  56  10:14  Gateway  
  56  10:17  Assimilator  
  56  10:18  Probe  
  56  10:21  Probe  
  58  10:26  Probe (Chrono Boost)  
  58  10:33  Probe (Chrono Boost)  
  60  10:38  Probe x2 (Chrono Boost), Assimilator  
  62  10:46  Probe x2 (Chrono Boost)  
  62  10:47  Probe (Chrono Boost), Zealot  
  66  10:54  Probe  
  66  10:55  Probe  
  68  11:02  Probe  
  69  11:12  Pylon  
  69  11:13  Gateway  
  69  11:19  Gateway  
  69  11:20  Gateway  
  69  11:23  Probe (Chrono Boost)  
  70  11:29  Gateway  
  72  11:33  Probe (Chrono Boost)  
  72  11:35  Probe (Chrono Boost)  
  72  11:36  Gateway  
  72  11:37  Pylon  
  70  11:40  Pylon  
Tags
 
Add a new tag
Caveats
  • Supply blocks, unpowered buildings, or Contaminate may cause inaccurate times.
  • Supply counts are checked every 10 seconds.